 Dungeon Crawl Stone Soup version 0.20-a0-556-g892c87b (webtiles) character file.

25 krabocopter the Ruffian (level 2, 19/24 HPs)
             Began as a Draconian Transmuter on Feb 6, 2017.
             Quit the game on level 1 of the Dungeon.
             The game lasted 00:03:31 (850 turns).

krabocopter the Ruffian (Draconian Transmuter)       Turns: 850, Time: 00:03:32

Health: 19/24      AC:  5    Str: 12    XL:     2   Next: 82%
Magic:  5/5        EV: 12    Int: 13    God:
Gold:   13         SH:  0    Dex: 11    Spells: 4/5 levels left

rFire    . . .     SeeInvis .   j - +4 short sword
rCold    . . .     Gourm    .   (armour unavailable)
rNeg     . . .     Faith    .   (no shield)
rPois    .         Spirit   .   (helmet restricted)
rElec    .         Reflect  .   (no cloak)
rCorr    .         Harm     .   (no gloves)
MR       .....                  (no boots)
Stlth    +.........             (no amulet)
Regen    0.1/turn               (no ring)
                                e - +1 ring of protection

@: no status effects
A: unfitting armour, cold-blooded, AC +4
a: no special abilities


You were on level 1 of the Dungeon.
You were not hungry.

You visited 1 branch of the dungeon, and saw 1 of its levels.

You collected 13 gold pieces.

Inventory:

Hand Weapons
 j - a +4 short sword (weapon)
Jewellery
 e - a +1 ring of protection (left hand)
Scrolls
 d - 2 scrolls of identify
 g - a scroll of fear {unknown}
 h - a scroll of teleportation {unknown}
 i - a scroll of remove curse
Potions
 a - a potion of beneficial mutation {unknown}
Books
 b - a book of Changes

   Spells                             Type                      Level
   a - Beastly Appendage              Transmutation                1
   b - Sticks to Snakes               Transmutation                2
   c - Spider Form                    Transmutation/Poison         3
   d - Ice Form                       Ice/Transmutation            4
   e - Blade Hands                    Transmutation                5
Comestibles
 c - a bread ration
 f - 3 chunks of flesh


   Skills:
 + Level 2.0 Fighting
 - Level 1.7 Dodging
 * Level 3.6 Unarmed Combat
 - Level 2.0 Spellcasting
 * Level 2.2 Transmutations


You had 4 spell levels left.
You knew the following spells:

 Your Spells              Type           Power        Failure   Level  Hunger
a - Beastly Appendage     Tmut           #.....       12%         1    ##.....


Dungeon Overview and Level Annotations

Branches:
Dungeon (1/15)

Altars:


Innate Abilities, Weirdness & Mutations

Your plain brown scales are hard. (AC +4)
You cannot fit into any form of body armour.
You are cold-blooded and may be slowed by cold attacks.


Message History

Your Fighting skill increases to level 2!
You see here a dart slug corpse.
You butcher the dart slug corpse.
f - 3 chunks of flesh (gained 1)
You see here a hobgoblin corpse.
You butcher the hobgoblin corpse.
f - 4 chunks of flesh (gained 1)
You see here a hobgoblin skeleton.
You see here a goblin corpse.
Wield which item (- for none, * to show all)? (? for menu, Esc to quit)
You are already wielding that!
New annotation for D:1 (include '!' for warning):
Okay, then.
You start resting.
Some of the chunks of flesh in your inventory have rotted away.
A rat comes into view.
Are you sure you want to abandon this character and quit the game? (Confirm with "yes".)

..##)......###
..#)÷....)...# ..
....#........# ...
##...........# ....
##...........# #...
.............# ###..#
##..#........# ##...#
#...#........###..####.##
#.#.#..........)@.÷.....#
#.#.#....>...####.......#
....#####r#### #...#...#
....## #.# #..#>#..#
.....# #.# #...#...#
.>...####.# #.......#
......##..# #.......#
....#..#.## #.#.#....
....##..(#######


You could see a rat (wandering).

Vanquished Creatures
  3 dart slugs (D:1)
  5 bats (D:1)
  3 goblins (D:1)
  2 hobgoblins (D:1)
  4 kobolds (D:1)
  A rat (D:1)
18 creatures vanquished.

Notes
Turn   | Place    | Note
-------+----------+-------------------------------------------
     0 | D:1      | krabocopter the Draconian Transmuter began the quest for the Orb.
     0 | D:1      | Reached XP level 1. HP: 16/16 MP: 3/3
   167 | D:1      | Reached XP level 2. HP: 13/23 MP: 5/5
   850 | D:1      | Quit the game

Vault maps used:
D:1:      elethiomel_arrival_maze, st_stairs_14, hangedman_decor_diamond_cutter

Skill      XL: |  1  2 |
---------------+-------+-----
Fighting       | 2 |  2.0
Dodging        | |  1.7
Unarmed Combat | |  3.6
Spellcasting   | |  2.0
Transmutations | |  2.2

Action                   || total
-------------------------++-------
Melee: Unarmed           ||    46
       Tailslap          ||     7
       Dagger            ||     4
       Punch             ||     2
       Short sword       ||     8
 Cast: Beastly Appendage ||     1
  Use: Scroll            ||     3
Armor: Skin              ||    21
Dodge: Dodged            ||    35
